 Dungeon Crawl Stone Soup version 0.30-a0-219-gf2db51d15e (webtiles) character file.

Game seed: 5661028614783882812

5144 raistware the Spear-Bearer (level 10, 0/79 HPs)
             Began as a Gnoll Reaver on Oct 7, 2022.
             Slain by a sun demon (2 damage)
             ... summoned by an orc high priest
             ... in a bailey.
             The game lasted 00:30:33 (8892 turns).

raistware the Spear-Bearer (Gnoll Reaver)           Turns: 8892, Time: 00:30:34

Health: 0/79       AC: 13    Str: 12    XL:     10   Next: 58%
Magic:  19/21      EV:  7    Int: 15    God:
Gold:   362        SH:  5    Dex: 12    Spells: 19/24 levels left

rFire   + + +      SeeInvis +    b - +12 falchion "Ogreslayer" {vorpal, +Blink rElec rF+ rC-}
rCold   x . .      Faith    .    (no shield)
rNeg    . . .      Spirit   .    K - +3 chain mail
rPois   .          Reflect  +    (no helmet)
rElec   +          Harm     .    (no cloak)
rCorr   .          Rampage  .    (no gloves)
Will    .....                    (no boots)
Stlth   ..........               G - amulet of reflection
HPRegen 0.33/turn                x - +4 ring of slaying
MPRegen 0.17/turn                N - ring "Bumeuw" {rF++ SInv}

@: studying Polearms
A: fangs 1, strong nose, distributed training
a: Evoke Blink


You were in a bailey.
You visited 2 branches of the dungeon, and saw 10 of its levels.
You also visited: Bailey.

You collected 458 gold pieces.
You spent 96 gold pieces at shops.

Inventory:

Hand Weapons
 a - a +0 trident of pain
 b - the +12 falchion "Ogreslayer" (weapon) {vorpal, +Blink rElec rF+ rC-}
   (You found it on level 2 of the Dungeon)

   It inflicts extra damage upon your enemies.
   rF:        It protects you from fire.
   rC:        It makes you vulnerable to cold.
   rElec:     It insulates you from electricity.
   +Blink:    It lets you blink.
Missiles
 e - 4 poisoned darts
 C - 4 javelins
Armour
 k - a +0 leather armour
 K - a +3 chain mail (worn)
 L - a +2 robe of resistance
 M - a +0 plate armour
Magical Staves
 u - a staff of earth
Jewellery
 x - a +4 ring of slaying (left hand)
 G - an amulet of reflection (around neck)
 N - the ring "Bumeuw" (right hand) {rF++ SInv}
   (You acquired it in a bailey)

   [ring of see invisible]

   rF:        It greatly protects you from fire.
   SInv:      It lets you see invisible.
Wands
 D - a wand of digging (10)
Scrolls
 c - 2 scrolls of amnesia
 f - 2 scrolls of noise {unknown}
 i - 2 scrolls of magic mapping
 o - 4 scrolls of vulnerability
 p - a scroll of poison {unknown}
 q - 4 scrolls of teleportation
 v - 2 scrolls of brand weapon {unknown}
 w - a scroll of enchant armour
 y - a scroll of enchant weapon {unknown}
 F - 3 scrolls of butterflies
 H - a scroll of fear {unknown}
 I - a scroll of silence {unknown}
 J - a scroll of blinking {unknown}
Potions
 d - a potion of brilliance
 g - a potion of cancellation
 l - a potion of might
 m - 2 potions of heal wounds
 n - a potion of invisibility {unknown}
 r - a potion of ambrosia {unknown}
 s - a potion of curing
 t - 3 potions of mutation
 z - 2 potions of degeneration {unknown}
 A - 2 potions of flight
 B - 2 potions of magic {unknown}
 E - a potion of berserk rage {unknown}


   Skills:
 + Level 7.3 Fighting
 + Level 5.6 Short Blades
 + Level 5.6 Long Blades
 + Level 5.6 Axes
 + Level 5.6 Maces & Flails
 + Level 9.7 Polearms
 + Level 5.6 Staves
 + Level 5.6 Ranged Weapons
 + Level 5.6 Throwing
 + Level 5.6 Armour
 + Level 7.3 Dodging
 + Level 5.6 Stealth
 + Level 5.6 Shields
 + Level 5.6 Unarmed Combat
 + Level 7.6 Spellcasting
 + Level 7.3 Conjurations
 + Level 4.6 Hexes
 + Level 4.6 Summonings
 + Level 4.6 Necromancy
 + Level 4.6 Translocations
 + Level 4.6 Transmutations
 + Level 4.6 Fire Magic
 + Level 4.6 Ice Magic
 + Level 4.6 Air Magic
 + Level 4.6 Earth Magic
 + Level 4.6 Poison Magic
 + Level 6.2 Invocations
 + Level 5.6 Evocations


You had 19 spell levels left.
You knew the following spells:

 Your Spells              Type           Power      Damage    Failure   Level
b - Momentum Strike       Conj/Tloc      46%        3d9       43%         2
c - Hailstorm             Conj/Ice       23%        3d7       67%         3

Your spell library contained the following spells:

 Spells                   Type           Power      Damage    Failure   Level
 Kiss of Death            Conj/Necr      92%        2d12      32%         1


Dungeon Overview and Level Annotations

Branches:
Dungeon (9/15)             Temple (1/1) D:5          Bailey (1/1)
   Lair: D:8-11         Orc: D:9-12

Altars:
Elyvilon
Fedhas
Gozag
Kikubaaqudgha
Makhleb
Okawaru
Qazlal
Sif Muna
Trog
Uskayaw
Wu Jian
Xom
Yredelemnul
Zin
The Shining One

Shops:
D:6 ?


Innate Abilities, Weirdness & Mutations

You have very sharp teeth.
Your uncanny sense of smell can sniff out nearby items.
Your experience applies equally to all skills.


Message History

The ynoxinul hits you but does no damage.
You completely miss the ynoxinul.
The ynoxinul is almost dead.
The ynoxinul hits you but does no damage.
You slice the ynoxinul!!
You kill the ynoxinul!
The ynoxinul disappears in a puff of smoke!
The orc high priest mumbles some strange prayers to Beogh against you.
Beogh smites you!
You barely miss the chaos spawn. The chaos spawn hits you!
* * * LOW HITPOINT WARNING * * *
The chaos spawn draws strength from your injuries!
Your magical contamination has completely faded away.
You slice the chaos spawn!!
The chaos spawn is severely wounded.
The chaos spawn gores you.
* * * LOW HITPOINT WARNING * * *
The chaos spawn freezes you!
You feel a terrible chill!
* * * LOW HITPOINT WARNING * * *
The orc high priest mumbles some strange prayers to Beogh.
You feel much better.
The chaos spawn degenerates into a cloud of primal chaos!
The sun demon hits you but does no damage.
The orc high priest invokes the aid of Beogh against you.
Beogh smites you!
* * * LOW HITPOINT WARNING * * *
The rust devil hits you. The rust devil corrodes you!
Okay, then.
Unknown command.
Okay, then.
Okay, then.
Your magical effects are unravelling.
You feel magically purged.
You feel less wooden.
Your +3 chain mail unmelds from your body.
You feel a little less mighty now.
You are no longer corroded.
The sun demon hits you!!
* * * LOW HITPOINT WARNING * * *
You are engulfed in flames.
You resist.
You die...

≈#....#.......#....)))...#≈≈≈≈≈#
≈#....#.8.8.8.'.)..†#[...#≈≈≈≈≈#
≈######...##############.#≈≈≈≈≈#
≈~.#......# +))#.~≈≈≈≈≈#
≈~.#......#. #))#.~≈≈≈≈≈#
≈~.#''#####.. #..#.~≈≈≈≈≈#
≈~.#.....##... #########.~≈≈≈≈≈#
...).....##....#3.8.8..#.~≈≈≈≈≈#
)..)..⌠..##.._o3@.......∩~≈≈≈≈≈#
...'.....##....#4.8.8..#.~≈≈≈≈≈#
≈~.#.....##... #########.~≈≈≈≈≈#
≈~.#')#####.. #..#.~≈≈≈≈≈#
≈~.#......#. ∆∆ #??#.~≈≈≈≈≈#
≈~.#......# ∆∆ +!!#.~≈≈≈≈≈#
≈######...##############.#≈≈≈≈≈#
≈#....#.8.8.8)).....#....#≈≈≈≈≈#
#....#.......#....)'[...#≈≈≈≈≈#


You could see a soul eater (summoned), an orc high priest, a sun demon
(summoned) and a rust devil (summoned).

Vanquished Creatures
  A kobold demonologist (Bailey)
  An unseen horror (D:8)
  2 hornets
  2 wyverns
  A water moccasin (D:5)
  An acid dragon (D:8)
  10 orc warriors
  2 ice beasts (D:6)
  A sky beast (D:6)
  A black bear (D:7)
  3 ogres
  3 centaurs
  4 phantoms
  4 bullfrogs
  6 scorpions
  4 necrophages
  2 wights (D:6)
  5 killer bees (D:8)
  2 howler monkeys (D:6)
  5 electric eels (Bailey)
  7 orc priests
  3 hounds
  6 iguanas
  6 orc wizards
  5 gnolls
  5 adders
  3 white imps
  3 ufetubi
  A dart slug (D:1)
  45 orcs
  4 bats
  4 endoplasms
  13 goblins
  13 hobgoblins
  3 quokkas
  7 ball pythons
  A frilled lizard (D:2)
  5 kobolds
  3 rats
197 creatures vanquished.

Vanquished Creatures (others)
  A water moccasin (D:6)
  An ogre (D:5)
  A wight (D:6)
  A gnoll (D:5)
  2 adders (D:2)
  A shadow imp (D:6)
  2 endoplasms (D:2)
  27 plants (D:5)
36 creatures vanquished.

Grand Total: 233 creatures vanquished

Notes
Turn   | Place    | Note
-------+----------+-------------------------------------------
     0 | D:1      | raistware the Gnoll Reaver began the quest for the Orb.
     0 | D:1      | Reached XP level 1. HP: 20/20 MP: 6/6
   256 | D:1      | Found a faded altar of an unknown god.
   315 | D:1      | Reached XP level 2. HP: 18/26 MP: 7/7
   806 | D:1      | Learned a level 2 spell: Momentum Strike
   828 | D:2      | Found a white marble altar of Elyvilon.
   996 | D:2      | Identified the +12 falchion "Ogreslayer" {vorpal, +Blink
                  | rElec rF+ rC-}
  1057 | D:2      | Reached skill level 5 in Spellcasting
  1057 | D:2      | Reached XP level 3. HP: 31/31 MP: 7/9
  1126 | D:2      | Reached skill level 1 in Invocations
  1416 | D:3      | Found a blossoming altar of Fedhas.
  1617 | D:3      | Reached skill level 1 in Short Blades
  1617 | D:3      | Reached skill level 1 in Long Blades
  1617 | D:3      | Reached skill level 1 in Axes
  1617 | D:3      | Reached skill level 1 in Maces & Flails
  1617 | D:3      | Reached skill level 1 in Staves
  1617 | D:3      | Reached skill level 1 in Ranged Weapons
  1617 | D:3      | Reached skill level 1 in Throwing
  1617 | D:3      | Reached skill level 1 in Armour
  1617 | D:3      | Reached skill level 1 in Stealth
  1617 | D:3      | Reached skill level 1 in Shields
  1617 | D:3      | Reached skill level 1 in Unarmed Combat
  1617 | D:3      | Reached skill level 1 in Evocations
  1629 | D:3      | You fall into a shaft and drop 1 floor!
  2194 | D:4      | Noticed a scorpion
  2210 | D:4      | Killed a scorpion
  2211 | D:4      | Reached skill level 1 in Hexes
  2211 | D:4      | Reached skill level 1 in Summonings
  2211 | D:4      | Reached skill level 1 in Necromancy
  2211 | D:4      | Reached skill level 1 in Translocations
  2211 | D:4      | Reached skill level 1 in Transmutations
  2211 | D:4      | Reached skill level 1 in Fire Magic
  2211 | D:4      | Reached skill level 1 in Ice Magic
  2211 | D:4      | Reached skill level 1 in Air Magic
  2211 | D:4      | Reached skill level 1 in Earth Magic
  2211 | D:4      | Reached skill level 1 in Poison Magic
  2211 | D:4      | Reached XP level 4. HP: 38/38 MP: 11/11
  2211 | D:4      | Reached XP level 5. HP: 43/43 MP: 12/12
  2473 | D:4      | Found a glowing silver altar of Zin.
  2584 | D:5      | Entered Level 5 of the Dungeon
  2663 | D:5      | Found a staircase to the Ecumenical Temple.
  2668 | Temple   | Entered the Ecumenical Temple
  2856 | D:5      | Reached XP level 6. HP: 47/50 MP: 13/13
  3017 | D:5      | HP: 1/50 [ogre/+0 giant club (34)]
  3019 | D:5      | Reached skill level 5 in Fighting
  3019 | D:5      | Reached skill level 5 in Dodging
  3366 | D:5      | Noticed a water moccasin
  3378 | D:5      | Killed a water moccasin
  3379 | D:5      | Reached skill level 7 in Polearms
  3379 | D:5      | Reached XP level 7. HP: 30/53 MP: 12/15
  3618 | D:5      | Found a hide-covered altar of Uskayaw.
  3844 | D:5      | Learned a level 3 spell: Hailstorm
  3940 | D:6      | Reached XP level 8. HP: 39/63 MP: 16/16
  4879 | D:6      | Found Owuoxzam's Magic Scroll Emporium.
  4882 | D:6      | Bought a scroll of identify for 24 gold pieces
  4882 | D:6      | Bought a scroll of identify for 24 gold pieces
  4882 | D:6      | Bought a scroll of butterflies for 48 gold pieces
  5009 | D:6      | Reached XP level 9. HP: 69/69 MP: 18/18
  5016 | D:6      | Reached skill level 8 in Polearms
  5530 | D:7      | Found a basalt altar of Yredelemnul.
  5654 | D:7      | Found a white marble altar of Elyvilon.
  6368 | D:8      | Reached skill level 5 in Invocations
  6379 | D:8      | Found a shimmering blue altar of Sif Muna.
  6783 | D:8      | Noticed a hornet
  6789 | D:8      | Killed a hornet
  7158 | D:8      | Killed an unseen horror
  7159 | D:8      | Reached skill level 5 in Short Blades
  7159 | D:8      | Reached skill level 5 in Long Blades
  7159 | D:8      | Reached skill level 5 in Axes
  7159 | D:8      | Reached skill level 5 in Maces & Flails
  7159 | D:8      | Reached skill level 9 in Polearms
  7159 | D:8      | Reached skill level 5 in Staves
  7159 | D:8      | Reached skill level 5 in Ranged Weapons
  7159 | D:8      | Reached skill level 5 in Throwing
  7159 | D:8      | Reached skill level 5 in Armour
  7159 | D:8      | Reached skill level 5 in Stealth
  7159 | D:8      | Reached skill level 5 in Shields
  7159 | D:8      | Reached skill level 5 in Unarmed Combat
  7159 | D:8      | Reached skill level 5 in Evocations
  7159 | D:8      | Reached XP level 10. HP: 47/77 MP: 18/20
  7577 | D:9      | Noticed a purple ugly thing
  7577 | D:9      | Noticed a centaur warrior
  7577 | D:9      | Noticed a manticore
  7586 | D:9      | Noticed a deep elf pyromancer
  7586 | D:9      | Noticed a boulder beetle
  7586 | D:9      | Noticed a boulder beetle
  7608 | D:9      | Noticed a manticore
  7783 | D:9      | Found a flagged portal.
  7833 | Bailey   | Entered a bailey
  8351 | Bailey   | Noticed a kobold demonologist
  8367 | Bailey   | Killed a kobold demonologist
  8414 | Bailey   | Acquired the ring "Bumeuw" {rF++ SInv}
  8871 | Bailey   | Found an iron altar of Okawaru.
  8871 | Bailey   | Noticed an orc high priest
  8878 | Bailey   | Noticed a soul eater
  8891 | Bailey   | Noticed a rust devil
  8891 | Bailey   | Noticed a sun demon
  8892 | Bailey   | HP: 2/79 [sun demon[an orc high priest] (18)]
  8892 | Bailey   | Slain by a sun demon

Illustrated notes

Levels and vault maps discovered:
D:1:      mrwooster_arrival_arrow, layout_loops_corners,
          ebering_ecumenical_altar_ruins
D:2:      layout_basic, basic_altar
D:3:      layout_rooms, overflow_temple_1_default, serial_forest,
          infiniplex_forest_pool, infiniplex_forest_end_2,
          infiniplex_forest_lined_4_way, infiniplex_forest_zigzag_1,
          infiniplex_forest_straight_3, infiniplex_forest_clump_small,
          infiniplex_forest_straight_5, infiniplex_forest_3_way,
          chequers_serial_rivers_large_a
D:4:      layout_rooms, nicolae_overflow_crystal_walls, minmay_misc_feat_square
D:5:      wad_woods_pond, layout_basic, mainiacjoe_overflow_small_starburst
D:6:      minmay_diamond_boxcup, layout_rooms, serial_shops, kennysheep_mini,
          minmay_manual_moon
D:7:      layout_loops_ring, elyvilon_altar_1, old_standard_altar
D:8:      layout_basic, nicolae_sif_muna_condensation, serial_aquarium,
          aquarium_bridge_island_large [aquarium_subvault_large_1_pool,
          aquarium_subvault_bridge, aquarium_subvault_bridge,
          aquarium_subvault_bridge, aquarium_subvault_wall],
          aquarium_bridge_square [aquarium_subvault_wall,
          aquarium_subvault_bridge, aquarium_subvault_balcony,
          aquarium_subvault_wall], aquarium_window_fake, aquarium_window_fake,
          aquarium_window_corner, aquarium_view_2d
D:9:      layout_rooms, nicolae_overflow_hallway_of_the_gods,
          gammafunk_ghost_spectres, enter_bailey_4, minivault_12
Temple:   hellmonk_temple_beads
Bailey:   bailey_axe_of_yendor_kennysheep, bailey

Skill      XL: |  1  2  3  4  5  6  7  8  9 10 |
---------------+-------------------------------+-----
Spellcasting   | 5 6 7 |  7.6
Invocations    | 1 2 3 4 5 6 |  6.2
Short Blades   | 1 2 3 5 |  5.6
Long Blades    | 1 2 3 5 |  5.6
Axes           | 1 2 3 5 |  5.6
Maces & Flails | 1 2 3 5 |  5.6
Staves         | 1 2 3 5 |  5.6
Ranged Weapons | 1 2 3 5 |  5.6
Throwing       | 1 2 3 5 |  5.6
Armour         | 1 2 3 5 |  5.6
Stealth        | 1 2 3 5 |  5.6
Shields        | 1 2 3 5 |  5.6
Unarmed Combat | 1 2 3 5 |  5.6
Evocations     | 1 2 3 5 |  5.6
Hexes          | 1 2 3 4 |  4.6
Summonings     | 1 2 3 4 |  4.6
Necromancy     | 1 2 3 4 |  4.6
Translocations | 1 2 3 4 |  4.6
Transmutations | 1 2 3 4 |  4.6
Fire Magic     | 1 2 3 4 |  4.6
Ice Magic      | 1 2 3 4 |  4.6
Air Magic      | 1 2 3 4 |  4.6
Earth Magic    | 1 2 3 4 |  4.6
Poison Magic   | 1 2 3 4 |  4.6
Fighting       | 5 6 7 |  7.3
Dodging        | 5 6 7 |  7.3
Polearms       | 7 9 |  9.7
Conjurations   | 6 7 |  7.3

Action                   |  1- 3 |  4- 6 |  7- 9 | 10-12 || total
-------------------------+-------+-------+-------+-------++-------
Melee: Spear             |    40 |       |       |       ||    40
       Bite              |     5 |     4 |    15 |    13 ||    37
       Punch             |     1 |     1 |     5 |     2 ||     9
       Falchion          |    28 |    52 |   158 |   126 ||   364
       Trident           |       |       |       |     9 ||     9
Throw: Javelin           |     1 |     3 |     4 |       ||     8
       Dart              |     2 |     9 |     2 |       ||    13
 Cast: Momentum Strike   |     4 |     7 |    21 |     4 ||    36
       Kiss of Death     |       |     2 |       |       ||     2
       Hailstorm         |       |       |     2 |     2 ||     4
Evoke: Wand              |       |       |     5 |     8 ||    13
  Use: Scroll            |       |       |    10 |     3 ||    13
       Potion            |       |       |     2 |     7 ||     9
 Stab: Sleeping          |     1 |       |     2 |       ||     3
       Distracted        |       |       |     2 |       ||     2
Armor: Leather armour    |     7 |     1 |    19 |     6 ||    33
       Chain mail        |       |       |       |    14 ||    14
       Skin              |       |       |       |     6 ||     6
Dodge: Dodged            |    38 |    36 |   115 |    53 ||   242
Block: Other             |       |       |     8 |    22 ||    30

Table legend: (Time is in decaauts)
 A = Elapsed time spent in this place.
 B = Non-inter-level travel time spent in this place.
 C = Inter-level travel time spent in this place.
 D = Time resting spent in this place.
 E = Time spent auto-exploring this place.
 F = Levels seen in this place.
 G = Mean time per level.
                   A        B        C        D        E       F      G
               +--------+--------+--------+--------+--------+-----+--------+
         Total |   8954 |   8561 |    393 |   1142 |   5701 |  11 |  814.0 |
       Dungeon |   7774 |   7394 |    380 |    530 |   5611 |   9 |  863.8 |
        Temple |    112 |     99 |     13 |      0 |     90 |   1 |  112.0 |
        Bailey |   1067 |   1067 |      0 |    612 |      0 |   1 | 1067.0 |
               +--------+--------+--------+--------+--------+-----+--------+

Top non-repeatable levels by time:
     D:5: 1344 daAuts
     D:8: 1190 daAuts
     D:6: 1174 daAuts
     D:7: 1159 daAuts
  Bailey: 1067 daAuts
     D:1: 820 daAuts
     D:3: 728 daAuts
     D:2: 553 daAuts
     D:4: 498 daAuts
     D:9: 304 daAuts
  Temple: 112 daAuts
